 Dungeon Crawl Stone Soup version 0.29.1-15-g9cfb28693d (webtiles) character file.

Game seed: 1200501862045623264

85 Heoruswealwe the Magician (level 4, -2/24 HPs)
             Began as a Deep Elf Earth Elementalist on Apr 19, 2023.
             Slain by an orc
             ... wielding a +0 club
              (5 damage)
             ... on level 3 of the Dungeon.
             The game lasted 00:15:55 (1687 turns).

Heoruswealwe the Magician (DEEE)                    Turns: 1687, Time: 00:15:55

Health: -2/24      AC:  2    Str:  5    XL:     4   Next: 25%
Magic:  5/12       EV: 12    Int: 22    God:
Gold:   6          SH:  0    Dex: 15    Spells: 2/12 levels left

rFire   . . .      SeeInvis .   (no weapon)
rCold   . . .      Faith    .   (no shield)
rNeg    . . .      Spirit   .   c - +0 robe
rPois   .          Reflect  .   (no helmet)
rElec   .          Harm     .   (no cloak)
rCorr   .          Rampage  .   (no gloves)
Will    .....                   (no boots)
Stlth   ++........              (no amulet)
HPRegen 0.08/turn               k - ring of wizardry
MPRegen 0.13/turn               (no ring)

@: no status effects
A: no striking features
a: no special abilities


You were on level 3 of the Dungeon.
You visited 1 branch of the dungeon, and saw 3 of its levels.

You collected 130 gold pieces.
You spent 124 gold pieces at shops.

Inventory:

Armour
 c - a +0 robe (worn)
 g - a +0 robe
Jewellery
 k - a ring of wizardry (left hand)
Scrolls
 d - a scroll of fear
 f - 2 scrolls of teleportation
 j - a scroll of brand weapon
Potions
 b - a potion of magic
 e - 3 potions of curing
 i - a potion of flight
 m - a potion of invisibility {unknown}


   Skills:
 - Level 2.4 Dodging
 - Level 2.4 Stealth
 + Level 4.8 Spellcasting
 - Level 1.1 Transmutations
 + Level 4.6 Earth Magic


You had 2 spell levels left.
You knew the following spells:

 Your Spells              Type           Power      Damage    Failure   Level
a - Sandblast             Erth           50%        2d12      1%          1
b - Stone Arrow           Conj/Erth      30%        3d8       4%          3
c - Petrify               Tmut/Erth      17%        N/A       13%         4
z - Passwall              Tmut/Erth      14%        N/A       1%          2

Your spell library contained the following spells:

 Spells                   Type           Power      Damage    Failure   Level


Dungeon Overview and Level Annotations

Branches:
Dungeon (3/15)

Altars:
Ru

Shops:
D:3 *!


Message History

The orc shouts! x3; You hear a shout! x4
A kobold comes into view. It is wielding a +0 dagger.
A kobold comes into view. It is wielding a +0 club.
The orc barely misses you. The orc attacks as you move away!
The orc hits you with a +0 flail.
You see here 14 gold pieces.
The blast of sand hits the orc!!
You kill the orc!
The blast of sand hits the orc!
You kill the orc!
An orc comes into view. It is wielding a +0 club.
The hobgoblin misses you.
The blast of sand hits the hobgoblin!
You kill the hobgoblin!
You hear a shout!
A kobold comes into view. It is wielding a +0 club.
An orc comes into view. It is wielding a +0 club.
The blast of sand hits the kobold!
You kill the kobold!
The orc completely misses you.
The blast of sand hits the orc.
The orc is almost dead.
The orc hits you from afar with a +0 trident.
The blast of sand hits the orc!
You kill the orc!
The orc hits you from afar with a +0 trident.
The orc hits you from afar with a +0 trident!
The kobold hits you with a +0 club.
* * * LOW HITPOINT WARNING * * *
Casting: Sandblast (safe; 1% risk of failure)
Confirm with . or Enter, or press ? or * to list all spells.
Aiming: Sandblast (safe; 1% risk of failure)
Press: ? - help, Shift-Dir - straight line, f - kobold
Aim: a kobold, wielding a +0 club (79% to hit)
The blast of sand hits the kobold!
You kill the kobold!
The orc hits you from afar with a +0 trident.
* * * LOW HITPOINT WARNING * * *
The orc hits you with a +0 club.
You die...

##.....# #.[....# ######
..#....# #....# .#
.##...## #....# K#
......#####....# .#
.##....).......# .##
..#............# .K#
#..............###g.#
##........#.....@#..##.#
...#############.oo....#
..## ##..###... .## ##.#
## ... # ####


You could see 2 orcs.

Vanquished Creatures
  2 adders
  A worm (D:2)
  3 orcs (D:3)
  3 endoplasms
  3 giant cockroaches
  3 goblins (D:2)
  7 hobgoblins
  5 jackals (D:2)
  3 quokkas
  4 ball pythons
  5 bats
  4 frilled lizards (D:1)
  8 kobolds
  9 rats
60 creatures vanquished.

Notes
Turn   | Place    | Note
-------+----------+-------------------------------------------
     0 | D:1      | Heoruswealwe the Deep Elf Earth Elementalist began the
                  | quest for the Orb.
     0 | D:1      | Reached XP level 1. HP: 10/10 MP: 6/6
    99 | D:1      | Reached XP level 2. HP: 15/15 MP: 1/8
   113 | D:1      | Learned a level 2 spell: Passwall
   449 | D:2      | Reached XP level 3. HP: 19/19 MP: 6/10
   453 | D:2      | Learned a level 3 spell: Stone Arrow
  1353 | D:3      | Found Qesad's Distillery.
  1374 | D:3      | Found a sacrificial altar of Ru.
  1439 | D:3      | Reached XP level 4. HP: 24/24 MP: 9/12
  1445 | D:3      | Learned a level 4 spell: Petrify
  1473 | D:3      | Found Nyotsif's General Store.
  1511 | D:3      | Bought a scroll of identify for 26 gold pieces
  1511 | D:3      | Bought a scroll of identify for 26 gold pieces
  1518 | D:3      | Bought a potion of curing for 36 gold pieces
  1518 | D:3      | Bought a potion of curing for 36 gold pieces
  1687 | D:3      | Slain by an orc

Illustrated notes

Levels and vault maps discovered:
D:1:      scummos_arrival_simple_fountains, layout_rooms
D:2:      layout_loops_corners
D:3:      cheibrodos_thug_alley, layout_basic,
          mainiacjoe_overflow_small_starburst, nicolae_overflow_squiral,
          serial_shops, shop_fountains, nicolae_shop_behind_doors,
          shop_fountains, nicolae_shop_stone,
          hellmonk_ecumenical_altar_heavens_door, uniq_grinder

Skill      XL: |  1  2 |
---------------+-------+-----
Spellcasting   | 4 |  4.8
Earth Magic    | 4 |  4.6
Dodging        | |  2.4
Stealth        | |  2.4
Transmutations | |  1.1

Action                   |  1- 3 |  4- 6 || total
-------------------------+-------+-------++-------
Melee: Unarmed           |     1 |       ||     1
 Cast: Sandblast         |    63 |    11 ||    74
  Use: Scroll            |       |     7 ||     7
Armor: Robe              |     1 |       ||     1
Dodge: Dodged            |     5 |     3 ||     8
